 Dungeon Crawl Stone Soup version 0.25-a0-578-gc91f01c39c (webtiles) character file.

Game seed: 1550975671397755570, levelgen mode: deterministic

32 Forecaster the Magician (level 3, -1/28 HPs)
             Began as a Naga Wizard on Mar 7, 2020.
             Slain by an adder (3 damage)
             ... on level 2 of the Dungeon.
             The game lasted 00:05:45 (1844 turns).

Forecaster the Magician (Naga Wizard)               Turns: 1844, Time: 00:05:46

Health: -1/28      AC:  2    Str: 10    XL:     3   Next: 27%
Magic:  6/8        EV: 10    Int: 18    God:
Gold:   98         SH:  0    Dex:  9    Spells: 4/9 levels left

rFire    . . .     SeeInvis +   f - +0 dagger
rCold    . . .     Gourm    .   (no shield)
rNeg     . . .     Faith    .   a - +0 robe
rPois    +         Spirit   .   b - +0 hat
rElec    .         Reflect  .   (no cloak)
rCorr    .         Harm     .   (no gloves)
MR       .....                  (no barding)
Stlth    ++........             (no amulet)
HPRegen  0.09/turn              n - ring of wizardry
MPRegen  0.11/turn              (no ring)

@: lethally poisoned (-1 -> -4), very slightly contaminated, very slow
A: large, see invisible, deformed body, poison resistance, slowness 2, slow
metabolism 1, spit poison 1, AC +1
a: Spit Poison


You were on level 2 of the Dungeon.
You were not hungry.

You visited 1 branch of the dungeon, and saw 2 of its levels.

You collected 98 gold pieces.

Inventory:

Hand Weapons
 f - a +0 dagger (weapon)
Missiles
 l - 43 stones (quivered)
Armour
 a - a +0 robe (worn)
 b - a +0 hat (worn)
Jewellery
 n - a ring of wizardry (left hand)
Scrolls
 c - 3 scrolls of remove curse {unknown}
 g - a scroll of fear {unknown}
 j - 2 scrolls of amnesia {unknown}
 k - 3 scrolls of identify {unknown}
Potions
 e - a potion of degeneration {unknown}
 h - 3 potions of heal wounds {unknown}
 i - a potion of stabbing {unknown}
Comestibles
 d - 3 rations


   Skills:
 + Level 1.6 Dodging
 + Level 3.1 Stealth
 + Level 3.9 Spellcasting
 + Level 1.1 Conjurations
 + Level 1.1 Summonings
 + Level 1.0 Translocations


You had 4 spell levels left.
You knew the following spells:

 Your Spells              Type           Power        Failure   Level  Hunger
a - Magic Dart            Conj           #...         3%          1    None
b - Call Imp              Summ           #.......     6%          2    ##.....
c - Blink                 Tloc           N/A          6%          2    ##.....

Your spell library contained the following spells:

 Spells                   Type           Power        Failure   Level  Hunger
 Slow                     Hex            #.......     9%          2    ##.....
 Conjure Flame            Conj/Fire      #.......     14%         3    ###....
 Mephitic Cloud           Conj/Pois/Air  #.......     16%         3    ###....


Dungeon Overview and Level Annotations

Branches:
Dungeon (2/15)

Altars:


Innate Abilities, Weirdness & Mutations

You cannot wear boots.
Your serpentine skin is tough. (AC +1)
You have supernaturally acute eyesight. (SInv)
Armour fits poorly on your strangely shaped body.
Your system is resistant to poisons. (rPois)
You cover ground very slowly.
You have a slow metabolism.
You can spit poison.


Message History

* * * LOW HITPOINT WARNING * * *
The adder bites you.
* * * LOW HITPOINT WARNING * * *
You closely miss the adder.
The adder is almost dead.
You feel sick. The adder bites you but does no damage.
You hit the adder.
The adder is almost dead.
The adder bites you but does no damage.
Casting: Magic Dart (safe; 3% risk of failure)
Confirm with . or Enter, or press ? or * to list all spells.
Aiming: Magic Dart (safe; 3% risk of failure)
Press: ? - help, Shift-Dir - straight line, f/p - adder
Aim: an adder (almost dead)
You miscast Magic Dart.
You are very lightly contaminated with residual magic.
Nothing appears to happen.
The adder bites you.
* * * LOW HITPOINT WARNING * * *
The adder bites you.
You die...

# ##..#.# #>.#
#..........# # #..#.# #..#
####.#.#.### # #..#.# #..#
#.....# # ##.#..# #..#
##..### # ##.#.#.#####..#
###.# #####.#...#.......#
#...# ##.........#####.##
#.### ...†........# #.#
#.# ##.###.....## #@# #.#
......#...#....S.# #.#
.....#.#.#.####### #.#
........#.## #.#
.....###.## ##########.#
.....##########..........#
...#............##########
#################


You could see an adder.

Vanquished Creatures
  An ooze (D:1)
  A goblin (D:1)
  4 hobgoblins
  A quokka (D:2)
  3 ball pythons
  3 bats
  2 frilled lizards
  2 kobolds (D:1)
  4 rats
21 creatures vanquished.

Vanquished Creatures (collateral kills)
  2 worms (D:2)
  2 hobgoblins (D:1)
  3 kobolds
7 creatures vanquished.

Grand Total: 28 creatures vanquished

Notes
Turn   | Place    | Note
-------+----------+-------------------------------------------
     0 | D:1      | Forecaster the Naga Wizard began the quest for the Orb.
     0 | D:1      | Reached XP level 1. HP: 15/15 MP: 4/4
   246 | D:1      | Reached XP level 2. HP: 11/22 MP: 0/6
   250 | D:1      | Learned a level 2 spell: Call Imp
   253 | D:1      | Learned a level 2 spell: Blink
  1347 | D:2      | Reached XP level 3. HP: 8/28 MP: 1/8
  1844 | D:2      | Slain by an adder

Levels and vault maps discovered:
D:1:      minmay_arrival_plants_in_alcoves, layout_loops_corners,
          serial_park_tiny_2, minmay_tiny_reverse_x
D:2:      layout_loops_ring, first_ration, fedhas_altar_fruit_tree

Action                   || total
-------------------------++-------
Melee: Dagger            ||    40
 Cast: Magic Dart        ||    46
       Call Imp          ||    11
 Stab: Sleeping          ||     1
  Eat: Chunk             ||     2
Armor: Robe              ||     8
Dodge: Dodged            ||    26

Table legend:
 A = Non-vault XP
 B = Vault XP
 C = Vault XP percentage of total XP
 D = Non-vault monster count
 E = Vault monster count
 F = Vault count percentage of total count
                 A         B        C        D         E       F
            +---------+---------+-------+---------+---------+-------
      Total |      44 |       3 |   6.4 |      26 |       2 |   7.1
            +---------+---------+-------+---------+---------+-------
        D:1 |      27 |       3 |  10.0 |      17 |       2 |  10.5
        D:2 |      17 |       0 |   0.0 |       9 |       0 |   0.0
            +---------+---------+-------+---------+---------+-------
